 Dungeon Crawl Stone Soup version 0.28-a0-851-g8b9cc49659 (webtiles) character file.

Game seed: 17469124905265639893

565913 freelancePsychic the Scorcher (level 27, -6/253 (268) HPs)
             Began as a Naga Fire Elementalist on Nov 13, 2021.
             Was an Initiate of Gozag.
             Killed by a royal mummy's death curse (19 damage)
             ... on level 15 of a ziggurat on Nov 14, 2021.
             The game lasted 03:56:50 (75763 turns).

freelancePsychic the Scorcher (NaFE)               Turns: 75763, Time: 03:56:51

HP:   -6/253 (268)  AC: 34    Str: 12    XL:     27
MP:   14/50         EV: 18    Int: 38    God:    Gozag
Gold: 11838         SH: 20    Dex: 18    Spells: 7/54 levels left

rFire   + + +      SeeInvis +   a - staff of fire
rCold   . . .      Faith    .   Y - +3 kite shield {rF+}
rNeg    . . .      Spirit   .   U - +2 robe {Archmagi}
rPois   +          Reflect  +   M - +2 helmet {SInv}
rElec   +          Harm     .   L - +2 cloak "Mamunaojot" {Int+3}
rCorr   +          Rampage  .   S - +2 pair of gloves
Will    +++..      Archmagi +   t - +6 lightning scales {swift, rElec}
Stlth   +++++..... Rage     1%  j - amulet of the Chupacabra {Reflect rPois rF+ rCorr SH+5}
HPRegen 0.52/turn               T - ring of Imnilaf {rElec EV+4 Int+3}
MPRegen 0.32/turn               P - ring of Kirphewia {*Slow MP+9 Int+5 Dex+6 SInv}

@: brilliant, gold aura, slowed, drained, very slow
A: AC +9, large, see invisible, deformed body, poison resistance, slowness 2,
spit poison 1, naga tail 2, berserk 1
}: 2/15 runes: serpentine, barnacled
a: Spit Poison, Renounce Religion, Potion Petition, Call Merchant, Bribe Branch


You were on level 15 of a ziggurat.
You worshipped Gozag.
Gozag was extremely pleased with you.
You visited 8 branches of the dungeon, and saw 41 of its levels.
You visited 1 ziggurat, and saw 15 of its levels.
You also visited: Wizlab.

You collected 23838 gold pieces.
You spent 4788 gold pieces at shops.
You paid 7212 gold pieces to Gozag.

Inventory:

Missiles
 D - a throwing net
Armour
 l - a +4 barding of fire resistance
 t - the +6 lightning scales (worn) {swift, rElec}
   (You acquired it on level 12 of a ziggurat)

   It allows the wearer to cover ground more swiftly.
   rElec:     It insulates you from electricity.
 x - a +2 tower shield of positive energy
 L - the +2 cloak "Mamunaojot" (worn) {Int+3}
   (You found it on level 3 of the Elven Halls)

   Int:       It affects your intelligence (+3).
 M - a +2 helmet of see invisible (worn)
 S - a +2 pair of gloves (worn)
 U - a +2 robe of the Archmagi (worn)
 Y - a +3 kite shield of fire resistance (worn)
Magical Staves
 a - a staff of fire (weapon)
 b - a staff of cold
 Q - a staff of conjuration
Jewellery
 g - an amulet of regeneration
 j - the amulet of the Chupacabra (around neck) {Reflect rPois rF+ rCorr SH+5}
   (You found it on level 11 of a ziggurat)

   [amulet of reflection]

   It reflects blocked missile attacks.
   rF:        It protects you from fire.
   rPois:     It protects you from poison.
   rCorr:     It protects you from acid and corrosion.
   SH:        It affects your SH (+5).
 k - the ring of Kagguqis {Fire MP+9 Int+3}
   (You found it on level 3 of the Elven Halls)

   [ring of fire]

   It enhances your fire magic.
   Int:       It affects your intelligence (+3).
   rF:        It protects you from fire.
   rC:        It makes you vulnerable to cold.
   MP:        It affects your magic capacity (+9).
 P - the ring of Kirphewia (right hand) {*Slow MP+9 Int+5 Dex+6 SInv}
   (You bought it in a shop on level 2 of the Orcish Mines)

   [ring of dexterity]

   Int:       It affects your intelligence (+5).
   Dex:       It affects your dexterity (+6).
   MP:        It affects your magic capacity (+9).
   SInv:      It lets you see invisible.
   *Slow:     It may slow you when you take damage.
 T - the ring of Imnilaf (left hand) {rElec EV+4 Int+3}
   (You found it on level 4 of the Shoals)

   [ring of evasion]

   EV:        It affects your evasion (+4).
   Int:       It affects your intelligence (+3).
   rElec:     It insulates you from electricity.
 X - the ring "Negru" {rC++ Str-3 Dex+6}
   (You found it on level 3 of the Elven Halls)

   [ring of dexterity]

   Str:       It affects your strength (-3).
   Dex:       It affects your dexterity (+6).
   rC:        It greatly protects you from cold.
Wands
 p - a wand of mindburst (5)
 q - a wand of acid (6)
 y - a wand of digging (22)
 C - a wand of iceblast (83)
 E - a wand of paralysis (44)
 I - a wand of flame (95)
Scrolls
 e - 13 scrolls of enchant weapon
 i - 2 scrolls of enchant armour
 m - 13 scrolls of teleportation {@r4}
 o - 5 scrolls of fog
 s - 6 scrolls of amnesia
 v - 2 scrolls of torment
 K - 10 scrolls of blinking
 N - 3 scrolls of silence
 O - 2 scrolls of magic mapping
 R - 4 scrolls of holy word
 V - 19 scrolls of identify {@r1}
 W - 3 scrolls of immolation
 Z - 4 scrolls of fear
Potions
 c - 5 potions of ambrosia
 d - a potion of magic
 f - 12 potions of heal wounds {@q2}
 h - 8 potions of lignification
 n - 14 potions of curing {@q1}
 r - 7 potions of brilliance
 u - 10 potions of haste {@q3}
 z - 3 potions of resistance
 A - 5 potions of attraction
 B - 6 potions of might
 F - 4 potions of cancellation
 G - 3 potions of berserk rage
 H - 8 potions of mutation
 J - 5 potions of invisibility
Miscellaneous
 w - a condenser vane


   Skills:
 - Level 20.0 Fighting
 - Level 12.0 Staves
 - Level 9.5 Armour
 - Level 10.8 Dodging
 - Level 12.2 Stealth
 - Level 9.0 Shields
 - Level 14.0 Spellcasting
 - Level 17.3 Conjurations
 + Level 12.5 Necromancy
 + Level 12.5 Transmutations
 - Level 20.4 Fire Magic
 - Level 3.5 Ice Magic
 - Level 3.4 Air Magic
 - Level 2.9 Earth Magic
 - Level 6.5 Evocations


You had 7 spell levels left.
You knew the following spells:

 Your Spells              Type           Power      Damage    Failure   Level
a - Foxfire               Conj/Fire      100%       2x1d9     0%          1
b - Starburst             Conj/Fire      91%        6d23      1%          6
c - Ignition              Fire           93%        3d24      1%          8
d - Orb of Destruction    Conj           75%        9d19      1%          7
e - Fireball              Conj/Fire      91%        3d33      0%          5
f - Freezing Cloud        Conj/Ice/Air   57%        6-21      1%          5
g - Necromutation         Tmut/Necr      67%        N/A       45%         8
h - Irradiate             Conj/Tmut      71%        3d37      1%          5
i - Scorch                Fire           100%       2d10      0%          2

Your spell library contained the following spells:

 Spells                   Type           Power      Damage    Failure   Level
 Magic Dart               Conj           100%       1d8       0%          1
 Pain                     Necr           100%       1d9       0%          1
 Searing Ray              Conj           100%       2d8       0%          2
 Sublimation of Blood     Necr           100%       N/A       0%          2
 Conjure Flame            Conj/Fire      100%       6-21      0%          3
 Flame Wave               Conj/Fire      100%       3d16      0%          4
 Sticky Flame             Conj/Fire      100%       2d11      0%          4
 Freeze                   Ice            100%       1d11      1%          1
 Slow                     Hex            100%       N/A       1%          1
 Sting                    Tmut/Pois      100%       1d8       1%          1
 Summon Small Mammal      Summ           100%       N/A       1%          1
 Corpse Rot               Necr/Air       100%       N/A       1%          2
 Poisonous Vapours        Pois/Air       100%       N/A       1%          2
 Static Discharge         Conj/Air       100%       N/A       1%          2
 Frozen Ramparts          Ice            100%       1d12      1%          3
 Ignite Poison            Fire/Tmut/Pois 100%       N/A       1%          3
 Inner Flame              Hex/Fire       100%       N/A       1%          3
 Mephitic Cloud           Conj/Pois/Air  100%       N/A       1%          3
 Spider Form              Tmut/Pois      100%       N/A       1%          3
 Stone Arrow              Conj/Erth      100%       3d13      1%          3
 Vampiric Draining        Necr           100%       2d13      1%          3
 Dispel Undead            Necr           100%       3d31      1%          4
 Fulminant Prism          Conj/Hex       59%        3d25      1%          4
 Hailstorm                Conj/Ice       100%       3d20      1%          4
 Ice Form                 Ice/Tmut       100%       N/A       1%          4
 Iskenderun's Mystic Bla  Conj/Tloc      100%       2d19      1%          4
 Petrify                  Tmut/Erth      100%       N/A       1%          4
 Blade Hands              Tmut           67%        N/A       1%          5
 Borgnjor's Vile Clutch   Necr/Erth      56%        N/A       1%          5
 Iskenderun's Battlesphe  Conj           100%       2d15      1%          5
 Lightning Bolt           Conj/Air       63%        1d86      1%          5
 Death Channel            Necr           67%        N/A       1%          6
 Alistair's Intoxication  Tmut/Pois      70%        N/A       2%          5
 Conjure Ball Lightning   Conj/Air       63%        3x3d23    2%          6
 Airstrike                Air            43%        N/A       3%          4
 Iron Shot                Conj/Erth      62%        9d12      3%          6
 Call Canine Familiar     Summ           56%        N/A       4%          3
 Confusing Touch          Hex            56%        N/A       4%          3
 Portal Projectile        Hex/Tloc       100%       N/A       4%          3
 Teleport Other           Tloc           56%        N/A       4%          3
 Summon Lightning Spire   Summ/Air       74%        N/A       7%          4
 Dragon Form              Tmut           67%        N/A       7%          7
 Animate Armour           Summ/Erth      100%       N/A       8%          4
 Leda's Liquefaction      Hex/Erth       35%        N/A       8%          4
 Simulacrum               Ice/Necr       57%        N/A       8%          6
 Olgreb's Toxic Radiance  Pois           56%        N/A       13%         4
 Passage of Golubria      Tloc           56%        N/A       13%         4
 Eringya's Noxious Bog    Tmut/Pois      52%        N/A       16%         6
 Silence                  Hex/Air        37%        N/A       19%         5
 Summon Forest            Summ/Tloc      28%        N/A       36%         5
 Summon Mana Viper        Hex/Summ       56%        N/A       36%         5
 Haunt                    Necr/Summ      52%        N/A       65%         7
 Dispersal                Tloc           28%        N/A       90%         6
 Summon Cactus Giant      Summ           28%        N/A       90%         6
 Monstrous Menagerie      Summ           28%        N/A       100%        7
 Summon Hydra             Summ           28%        N/A       100%        7
 Lehudib's Crystal Spear  Conj/Erth      62%        10d14     80%         8
 Discord                  Hex            28%        N/A       100%        8
 Disjunction              Tloc           28%        N/A       100%        8


Dungeon Overview and Level Annotations

Branches:
Dungeon (15/15)            Temple (0/1) D:5            Lair (6/6) D:11
 Shoals (4/4) Lair:3        Snake (4/4) Lair:2        Slime (0/5) Lair:5
    Orc (2/2) D:12            Elf (3/3) Orc:2        Vaults (4/5) D:14
  Crypt (0/3) Vaults:3     Depths (3/4) D:15         WizLab (visited)

Altars:
Ashenzari
Gozag
Hepliaklqana
Kikubaaqudgha
Makhleb
Nemelex Xobeh
Qazlal
Trog
Uskayaw
Vehumet
Wu Jian
Yredelemnul
The Shining One

Shops:
D:5 ([   D:13 (   Orc:2 (***=   Elf:1 *   Elf:2 *[[   Shoals:1 *(*[
Shoals:2 *   Shoals:4 (   Snake:1 *   Vaults:1 [

Portals:
Hell: Depths:1
Abyss: Depths:3
Pandemonium: Depths:2

Annotations:
Lair:3 2 runed translucent doors, Nieclary's ghost, journeyman TrTm
Lair:4 exclusion: oklob plant
Lair:5 2 transporters, Devyomi's ghost, journeyman GrBe
Lair:6 2 runed translucent doors, exclusion: oklob plant, Viul's ghost, journeyman DgCj
Shoals:4 Roxanne
Elf:2 3 runed translucent doors
Depths:2 1 runed translucent door


Innate Abilities, Weirdness & Mutations

Your serpentine skin is tough. (AC +9)
You have supernaturally acute eyesight. (SInv)
Armour fits poorly on your strangely shaped body.
Your system is resistant to poisons. (rPois)
You cover ground very slowly.
You can spit poison.
You can use your snake-like lower body to constrict enemies.
You tend to lose your temper in combat.


Message History

A guardian mummy comes into view.
Casting: Ignition (mildly dangerous; 1% risk of failure)
Confirm with . or Enter, or press ? or * to list all spells.
Casting: Ignition (mildly dangerous; 1% risk of failure)
Press: ? - help, Dir - look around, f - activate You feel a huge surge of power!
The air bursts into flame!
The fireball engulfs the royal mummy!!
The royal mummy is almost destroyed.
The royal mummy is no longer distracted by gold.
The fireball engulfs the guardian mummy!!
You destroy the guardian mummy!
The fireball engulfs the iron dragon skeleton!!
You destroy the iron dragon skeleton!
The fireball engulfs the guardian mummy!!!
The guardian mummy is almost destroyed.
The fireball engulfs the guardian mummy!!!
You destroy the guardian mummy!
You feel a bit more experienced.
You feel extremely nervous for a moment...
Your scales prickle.
You feel extremely nervous for a moment...
You feel horribly lethargic.
You feel as though you will be slow longer.
The royal mummy is distracted by your dazzling golden aura.
You feel your strength returning.
Casting: Ignition (mildly dangerous; 1% risk of failure)
Confirm with . or Enter, or press ? or * to list all spells.
Aiming: Orb of Destruction (mildly dangerous; 1% risk of failure)
Press: ? - help, Shift-Dir - straight line, f - royal mummy
Aim: a royal mummy (almost destroyed, unaware, hasn't noticed you)
You feel a strong surge of power!
A mummy comes into view.
The royal mummy is no longer distracted by gold.
A mummy priest comes into view.
The orb of destruction hits the royal mummy!!!!
You blow up the royal mummy!
You feel extremely nervous for a moment...
Pain shoots through your body!!
You die...
Your body crumbles into a pile of gold.

▓▓▓ ▓▓▓▓▓.▓▓▓▓▓
▓▓▓.........▓▓▓
▓▓▓.............▓▓▓
▓▓..........@°.....▓
▓▓.............○○....
▓................☼☼$.
▓▓.................☼○.
▓.................$$$$
▓................$$$$$
▓..................$$|
▓▓.................M$$M$
▓..∩........... $


You could see a mummy priest (wandering) and a mummy.

Vanquished Creatures
  Mara (Depths:3)
  7 royal mummies
  3 pandemonium lords
  Margery (Vaults:4)
  3 Killer Klowns (Zig:8)
  A pearl dragon (Zig:5)
  3 bone dragons
  A Tzitzimitl (Zig:14)
  2 Hell Sentinels (Zig:14)
  Rupert (D:14)
  Asterion (Vaults:2)
  Mlioglotl (Shoals:3)
  Jorgrun (D:14)
  3 liches
  2 Ice Fiends (Zig:14)
  5 deep elf master archers (Elf:3)
  A deep elf blademaster (Elf:3)
  2 titans (Depths:2)
  A walking divine tome (Depths:2)
  An ancient champion (Depths:1)
  Gastronok (Lair:2)
  2 tengu reavers
  2 krakens
  A sphinx (Vaults:1)
  A tentacled starspawn (Zig:9)
  Kirke (Shoals:4)
  Polyphemus (Shoals:3)
  Agnes (Snake:3)
  3 demonspawn warmongers (Zig:11)
  4 nagarajas
  3 draconian monks
  Ilsuiw (Shoals:3)
  3 fire giants
  A fenstrider witch (shapeshifter) (Zig:8)
  2 daevas (Zig:5)
  4 frost giants
  A draconian knight (WizLab)
  12 vault wardens
  3 cacodemons
  2 balrugs (Zig:6)
  13 ironbound preservers
  10 deep elf sorcerers (Elf:3)
  A draconian shifter (Zig:3)
  A war gargoyle (Vaults:4)
  An orc warlord (Orc:2)
  4 demonspawn blood saints
  3 demonspawn corrupters (Zig:14)
  2 reapers (Zig:14)
  4 deep elf elementalists (Elf:3)
  A spriggan defender (Depths:2)
  6 stone giants
  4 very ugly things
  An apis (Zig:5)
  A lorocyproca (Zig:14)
  An ophan (Zig:5)
  2 bennus (Zig:7)
  8 deep elf demonologists
  5 demonspawn black suns
  17 dire elephants
  A yellow draconian (Zig:4)
  11 deep elf annihilators
  2 bunyips (Zig:12)
  A red draconian (Zig:4)
  5 entropy weavers
  4 spark wasps (Depths:1)
  12 purple draconians
  2 eleionomae (Zig:12)
  6 deep elf death magi
  The ghost of AttackTheMoon the Blocker, a journeyman FoFi of Gozag (D:9)
  Snorg (Orc:1)
  5 fire dragons
  A crystal guardian (Vaults:4)
  3 blizzard demons
  A quicksilver dragon zombie (D:15)
  5 ettins
  A green death (Zig:11)
  Josephine (D:12)
  6 merfolk javelineers
  7 statues (WizLab)
  5 mummy priests
  2 shambling mangroves (Zig:12)
  6 yaktaur captains
  6 deep elf high priests (Elf:3)
  8 merfolk impalers
  11 ironbound thunderhulks
  5 salamander tyrants
  4 rakshasas
  2 boulder beetles
  14 naga warriors
  14 hydras
  15 vault guards
  2 catoblepae
  A spriggan air mage (Depths:1)
  4 hell beasts
  2 peacekeepers
  7 great orbs of eyes
  13 anacondas
  15 centaur warriors
  2 ghost crabs (Zig:12)
  3 merfolk avatars
  4 ice dragons
  10 ironbound frosthearts
  2 ogre magi (D:15)
  A death knight (D:15)
  8 merfolk aquamancers
  5 alligators
  8 deep troll shamans
  8 tengu warriors
  16 two-headed ogres
  4 alligator snapping turtles
  An orc high priest (Elf:3)
  2 deep troll earth magi
  A satyr (Shoals:4)
  Urug (D:13)
  12 shock serpents
  6 spriggan berserkers
  7 naga sharpshooters
  27 death yaks
  A shock serpent (shapeshifter) (Zig:8)
  A vampire mage (Depths:1)
  4 death scarabs
  8 hell knights
  2 storm dragon zombies (Depths:1)
  6 deep elf knights
  8 spriggans
  11 salamander mystics
  2 goliath frogs
  2 sixfirhies
  A quicksilver dragon simulacrum (Depths:1)
  A death drake (Zig:12)
  8 skeletal warriors
  6 iron trolls
  A titan skeleton (Depths:1)
  A flayed ghost (D:15)
  21 sea snakes
  38 deep trolls
  5 glowing orange brains
  2 spriggan druids (Zig:12)
  5 swamp dragons (Zig:12)
  3 starcursed masses (Zig:9)
  An orange crystal statue (Vaults:4)
  12 lindwurms
  6 naga ritualists
  2 tengu zombies (Vaults:2)
  A kraken simulacrum (Shoals:4)
  3 deep elf archers (Elf:3)
  9 wizards
  14 ironbound convokers
  9 necromancers
  2 phantasmal warriors
  27 ugly things
  10 harpies
  15 deep elf pyromancers
  An iron dragon zombie (Zig:15)
  11 deep elf zephyrmancers
  10 mana vipers
  A frost giant zombie (Vaults:1)
  8 orc knights
  A fire giant zombie (Vaults:2)
  A stone giant zombie (Vaults:2)
  A tengu skeleton (Vaults:1)
  A wolf spider (shapeshifter) (Zig:8)
  20 manticores
  A mana viper (shapeshifter) (D:13)
  2 fauns
  A human skeleton (Vaults:2)
  11 cyclopes
  An orc sorcerer (Orc:2)
  A sphinx skeleton (Vaults:1)
  A manticore (shapeshifter) (Elf:3)
  A fire giant skeleton (D:15)
  23 salamanders
  A spriggan zombie (Depths:1)
  18 merfolk sirens
  A stone giant skeleton (D:15)
  9 elephants
  39 black mambas
  A torpor snail (Lair:5)
  7 guardian serpents
  An ice statue (Lair:5)
  An apocalypse crab (Zig:8)
  15 vault sentinels
  10 water nymphs
  A guardian serpent (shapeshifter) (Elf:2)
  An iron dragon skeleton (Zig:15)
  13 naga magi
  A smoke demon (Zig:9)
  7 rime drakes
  2 orange demons
  An unseen horror (shapeshifter) (Elf:3)
  9 cane toads
  A spriggan skeleton (D:15)
  A hellwing (Zig:14)
  A kobold demonologist (D:14)
  An efreet (Zig:9)
  33 yaktaurs
  2 hellions
  A demonic crawler (Zig:14)
  14 guardian mummies
  A komodo dragon (shapeshifter) (D:13)
  4 unseen horrors
  An ice devil (Lair:5)
  9 komodo dragons
  2 tormentors
  2 freezing wraiths (D:15)
  24 tengu conjurers
  30 merfolk
  8 polar bears
  3 meliai (D:15)
  5 trolls
  9 hornets
  11 wind drakes
  38 blink frogs
  A wolf spider simulacrum (D:14)
  An ettin zombie (Zig:2)
  18 snapping turtles
  23 slime creatures
  14 dream sheep
  A meliai zombie (D:10)
  A stone giant simulacrum (Depths:1)
  8 flying skulls
  6 redbacks
  12 water elementals
  Eustachio (D:6)
  9 wraiths
  59 yaks
  9 wyverns
  A ynoxinul (Zig:11)
  5 large abominations (Zig:9)
  2 hogs (Shoals:4)
  3 basilisks
  3 ushabtiu (Zig:15)
  2 fire elementals
  2 steam dragons
  5 vampire mosquitoes
  34 nagas
  A swamp worm (shapeshifter) (Zig:8)
  3 wargs
  2 acid dragons
  2 floating eyes (shapeshifter)
  25 water moccasins
  37 orc warriors
  A floating eye (Depths:1)
  11 ice beasts
  A sky beast (shapeshifter) (D:15)
  2 sky beasts
  4 necrophages
  An elf simulacrum (Vaults:1)
  11 ogres
  7 wolves (Lair:1)
  38 centaurs
  An orc skeleton (Vaults:1)
  9 bullfrogs
  5 kobold brigands
  A gnoll sergeant (D:8)
  An earth elemental (Elf:2)
  A scorpion (D:6)
  A water moccasin zombie (D:6)
  14 killer bees
  2 electric eels
  3 howler monkeys
  3 centaur zombies (D:9)
  8 jellies
  4 hounds
  8 orc priests
  A gnoll shaman (D:7)
  7 centaur skeletons
  An iguana (D:5)
  2 bullfrog skeletons
  Terence (D:2)
  13 orc wizards
  12 hell rats
  A killer bee zombie (D:6)
  19 mummies
  Robin (D:2)
  9 gnolls
  6 adders
  2 white imps
  2 adder skeletons (D:4)
  A worm (D:3)
  5 dart slugs
  52 orcs
  7 bats
  4 endoplasms
  7 giant cockroaches
  13 goblins
  11 hobgoblins
  8 kobolds
  14 ball pythons
  A frilled lizard (D:1)
  7 rats
  2 tentacles
1835 creatures vanquished.

Vanquished Creatures (collateral kills)
  The ghost of Pooter the Warrior, an adept MiBe of Trog (Elf:2)
  An orc priest (D:6)
  A killer bee zombie (D:6)
  A foxfire (Lair:1)
4 creatures vanquished.

Vanquished Creatures (others)
  21 dancing weapons
  A sea snake (Shoals:4)
  2 deep elf archers (Elf:3)
  A human (Shoals:4)
  An orc (Orc:2)
  8 bushes (Lair:6)
  490 foxfires
  55 fungi
  196 plants
  14 tentacles
  19 withered plants (D:15)
808 creatures vanquished.

Grand Total: 2647 creatures vanquished

Notes
Turn   | Place    | Note
-------+----------+-------------------------------------------
     0 | D:1      | freelancePsychic the Naga Fire Elementalist began the quest
                  | for the Orb.
     0 | D:1      | Reached XP level 1. HP: 15/15 MP: 3/3
   240 | D:1      | Reached XP level 2. HP: 22/22 MP: 1/5
   853 | D:1      | Reached XP level 3. HP: 26/28 MP: 4/6
  1157 | D:1      | Learned a level 2 spell: Scorch
  1272 | D:2      | Noticed Robin
  1649 | D:1      | Reached XP level 4. HP: 15/36 MP: 1/8
  1885 | D:2      | Found a faded altar of an unknown god.
  1975 | D:2      | Killed Robin
  2008 | D:2      | Noticed Terence
  2106 | D:2      | Killed Terence
  2558 | D:3      | Reached XP level 5. HP: 42/42 MP: 4/9
  3612 | D:3      | Reached skill level 1 in Fighting
  3612 | D:3      | Reached XP level 6. HP: 45/51 MP: 3/10
  3674 | D:3      | Found a hazy altar of Hepliaklqana.
  3677 | D:3      | Found an opulent altar of Gozag.
  3680 | D:3      | Found a burning altar of Makhleb.
  3686 | D:3      | Became a worshipper of Gozag Ym Sagoz the Greedy
  4447 | D:4      | Reached skill level 5 in Fire Magic
  4547 | D:4      | Reached XP level 7. HP: 61/61 MP: 2/11
  5272 | D:4      | Learned a level 4 spell: Flame Wave
  5327 | D:5      | Entered Level 5 of the Dungeon
  5412 | D:5      | Identified a scroll of acquirement
  5413 | D:5      | Acquired a +1 barding of fire resistance
  5513 | D:5      | Found Tihugeti's Firing Range.
  5638 | D:5      | Found a staircase to the Ecumenical Temple.
  5921 | D:5      | Reached skill level 5 in Conjurations
  5952 | D:5      | Found Omnush's Antique Armour Boutique.
  5954 | D:5      | Bought an ichor-stained helmet for 199 gold pieces
  5954 | D:5      | Identified the +2 helmet "Ehu Eve" {rPois Str+6 Int-2} (You
                  | bought it in a shop on level 5 of the Dungeon)
  5961 | D:5      | Bought a buckler for 94 gold pieces
  6223 | D:5      | Reached skill level 1 in Shields
  6223 | D:5      | Reached XP level 8. HP: 68/68 MP: 8/13
  6601 | D:6      | Acquired a book of the Spheres
  7274 | D:6      | Noticed Eustachio
  7509 | D:6      | Killed Eustachio
  7510 | D:6      | Reached XP level 9. HP: 61/74 MP: 5/14
  7916 | D:7      | Found a broken altar of Ashenzari.
  8002 | D:7      | Found a basalt altar of Yredelemnul.
  8004 | D:7      | Noticed a profane servitor
  8014 | D:7      | Found a glowing golden altar of the Shining One.
  8016 | D:7      | Noticed an angel
  8256 | D:7      | Found a sparkling altar of Nemelex Xobeh.
  9512 | D:8      | Noticed a two-headed ogre
  9561 | D:8      | Reached skill level 5 in Fighting
  9565 | D:8      | Reached XP level 10. HP: 75/88 MP: 1/15
  9667 | D:8      | Killed a two-headed ogre
 10101 | D:8      | Learned a level 5 spell: Fireball
 10550 | D:9      | Noticed a two-headed ogre
 10727 | D:9      | Killed a two-headed ogre
 11001 | D:9      | Noticed a two-headed ogre
 11004 | D:9      | Noticed AttackTheMoon's ghost (journeyman FoFi)
 11004 | D:9      | Noticed a manticore
 11005 | D:9      | Noticed a white ugly thing
 11005 | D:9      | Noticed a two-headed ogre
 11006 | D:9      | Found a runed translucent gate.
 11007 | D:9      | Found a runed translucent gate.
 11007 | D:9      | Found a runed translucent gate.
 11007 | D:9      | Noticed a two-headed ogre
 11010 | D:9      | Killed a two-headed ogre
 11011 | D:9      | Reached skill level 10 in Fire Magic
 11607 | D:9      | Reached XP level 11. HP: 100/100 MP: 7/17
 11711 | D:9      | Reached skill level 10 in Conjurations
 12150 | D:10     | Entered Level 10 of the Dungeon
 12965 | D:10     | Noticed a two-headed ogre
 12969 | D:10     | Killed a two-headed ogre
 12970 | D:10     | Reached skill level 1 in Armour
 12970 | D:10     | Reached skill level 5 in Spellcasting
 13041 | D:10     | Found a hide-covered altar of Uskayaw.
 13281 | D:11     | Noticed a death yak
 13288 | D:11     | Noticed a death yak
 13290 | D:11     | Killed a death yak
 13290 | D:11     | Noticed a death yak
 13385 | D:11     | Noticed a cyclops
 13389 | D:11     | Killed a cyclops
 13617 | D:11     | Found a staircase to the Lair.
 13621 | D:11     | Noticed a death yak
 13733 | D:11     | Noticed a death yak
 13736 | D:11     | Noticed a death yak
 13736 | D:11     | Noticed a death yak
 13737 | D:11     | Noticed a death yak
 13749 | D:11     | Killed a death yak
 13750 | D:11     | Killed a death yak
 13751 | D:11     | Killed a death yak
 13752 | D:11     | Killed a death yak
 13753 | D:11     | Killed a death yak
 13754 | D:11     | Killed a death yak
 13755 | D:11     | Reached skill level 10 in Fighting
 13755 | D:11     | Reached skill level 5 in Armour
 13755 | D:11     | Reached XP level 12. HP: 58/116 MP: 9/19
 13755 | D:11     | Killed a death yak
 14104 | D:11     | Noticed a two-headed ogre
 14108 | D:11     | Killed a two-headed ogre
 14296 | D:11     | You fall into a shaft and drop 2 floors!
 14399 | D:13     | Noticed a centaur warrior
 14835 | D:12     | Noticed a boulder beetle
 15486 | Lair:1   | Entered Level 1 of the Lair of Beasts
 17738 | Lair:2   | Gained mutation: You can use your snake-like lower body to
                  | constrict enemies. [Naga growth]
 17738 | Lair:2   | Reached XP level 13. HP: 118/124 MP: 14/22
 17831 | Lair:2   | Noticed Gastronok
 17841 | Lair:2   | Killed Gastronok
 17990 | Lair:2   | Found a staircase to the Snake Pit.
 18728 | Lair:3   | Reached skill level 1 in Staves
 19513 | Lair:3   | Found a large runed translucent door.
 19513 | Lair:3   | Found a large runed translucent door.
 19514 | Lair:3   | Noticed Nieclary's ghost (journeyman TrTm)
 20382 | Lair:3   | Found a staircase to the Shoals.
 20916 | D:9      | Killed AttackTheMoon's ghost
 20917 | D:9      | Reached skill level 5 in Staves
 20924 | D:9      | Identified the ring "Yfoefic" {Will+ rCorr}
 21545 | Lair:4   | Reached XP level 14. HP: 133/138 MP: 7/23
 23019 | Lair:5   | Found a transporter.
 23262 | Lair:5   | Noticed Devyomi's ghost (journeyman GrBe)
 23994 | Lair:5   | Identified the +0 robe of Moaps {rElec}
 24020 | Lair:5   | Identified the +5 scale mail of the Tundras {Stlth+}
 24430 | Lair:5   | Found a staircase to the Slime Pits.
 24898 | Lair:5   | Found a transporter.
 25708 | Lair:5   | Learned a level 7 spell: Orb of Destruction
 25723 | Lair:6   | Entered Level 6 of the Lair of Beasts
 26450 | Lair:6   | Reached skill level 15 in Conjurations
 26957 | Lair:5   | Reached XP level 15. HP: 45/144 MP: 15/24
 28380 | Lair:6   | Found a large runed translucent door.
 28380 | Lair:6   | Found a large runed translucent door.
 28381 | Lair:6   | Noticed Viul's ghost (journeyman DgCj)
 30601 | D:12     | Identified the amulet "Ibunk" {Faith Harm}
 30601 | D:12     | Noticed Josephine
 30723 | D:12     | Killed Josephine
 30853 | D:12     | Found a staircase to the Orcish Mines.
 31259 | Orc:1    | Entered Level 1 of the Orcish Mines
 31602 | Orc:2    | Entered Level 2 of the Orcish Mines
 31700 | Orc:2    | Noticed an orc warlord
 32094 | Orc:1    | Noticed Snorg
 32101 | Orc:1    | Killed Snorg
 32228 | Orc:1    | Found a bloodstained altar of Trog.
 34484 | Orc:2    | Killed an orc warlord
 34678 | Orc:2    | Found a staircase to the Elven Halls.
 34710 | Orc:2    | Found Dijyum's General Store.
 34710 | Orc:2    | Found Gagol's General Store.
 34712 | Orc:2    | Found Nydwu's Assorted Antiques.
 34714 | Orc:2    | Found Ygeiwn's Antique Weapon Shoppe.
 34719 | Orc:2    | Bought a scroll of blinking for 90 gold pieces
 34721 | Orc:2    | Bought a scroll of blinking for 270 gold pieces
 34858 | Orc:2    | Bought the ring of Kirphewia {*Slow MP+9 Int+5 Dex+6 SInv}
                  | for 1683 gold pieces
 34882 | Orc:2    | Bought the ring of Xoghar {rF+ rCorr Int+2} for 687 gold
                  | pieces
 34938 | D:13     | Found Jam Ugum's Antique Weapon Emporium.
 35013 | D:13     | Reached XP level 16. HP: 149/152 MP: 15/27
 35963 | D:13     | Noticed Urug
 35975 | D:13     | Killed Urug
 37014 | D:14     | Noticed Jorgrun
 37107 | D:14     | Killed Jorgrun
 38055 | D:14     | Noticed Rupert
 38058 | D:14     | Killed Rupert
 39113 | D:14     | Reached skill level 15 in Fire Magic
 39410 | D:14     | Found a gate to the Vaults.
 39570 | D:15     | Entered Level 15 of the Dungeon
 40407 | D:15     | Reached XP level 17. HP: 132/159 MP: 30/30
 40808 | D:15     | Found a staircase to the Depths.
 40814 | D:15     | Upgraded the game from 0.28-a0-850-g09de17f5b5 to
                  | 0.28-a0-851-g8b9cc49659
 41154 | D:15     | Reached skill level 5 in Shields
 41450 | D:15     | Found a stormy altar of Qazlal.
 41910 | Snake:1  | Entered Level 1 of the Snake Pit
 41921 | Snake:1  | Found Taaptawk's Assorted Antiques.
 41927 | Snake:1  | Bought a scroll of enchant armour for 180 gold pieces
 41927 | Snake:1  | Bought a ruby potion for 21 gold pieces
 41927 | Snake:1  | Bought a scroll of blinking for 180 gold pieces
 42334 | Snake:1  | Learned a level 6 spell: Starburst
 42454 | Snake:1  | Found a hazy altar of Hepliaklqana.
 42938 | Shoals:1 | Entered Level 1 of the Shoals
 43722 | Shoals:1 | Found Koorin's Merfolk Magic.
 43722 | Shoals:1 | Found Koorin's Merfolk Weapons.
 43722 | Shoals:1 | Found Koorin's Merfolk Armours.
 43725 | Shoals:1 | Bought a potion of flight for 300 gold pieces
 45097 | Shoals:2 | Noticed a kraken
 45166 | Shoals:2 | Found Mut Xioh's Mayhem Merchandise.
 45480 | Shoals:2 | Killed a kraken
 45944 | Shoals:2 | Learned a level 8 spell: Ignition
 45988 | Shoals:3 | Noticed Ilsuiw
 45993 | Shoals:3 | Killed Ilsuiw
 46166 | Shoals:3 | Noticed Polyphemus
 46482 | Shoals:3 | Killed Polyphemus
 47038 | Shoals:3 | Reached XP level 18. HP: 111/168 MP: 10/31
 47669 | Shoals:3 | Noticed Mlioglotl
 47677 | Shoals:3 | Killed Mlioglotl
 48846 | Snake:2  | Learned a level 5 spell: Freezing Cloud
 49100 | Snake:2  | Reached skill level 1 in Ice Magic
 49100 | Snake:2  | Reached skill level 1 in Air Magic
 50287 | Snake:2  | You fall into a shaft and drop 1 floor!
 50897 | Snake:3  | Identified the ring of Gluttony {Fire Dex+5}
 51592 | Snake:3  | Noticed Agnes
 51666 | Snake:3  | Killed Agnes
 52519 | Snake:4  | Entered Level 4 of the Snake Pit
 53553 | Snake:4  | Reached XP level 19. HP: 177/177 MP: 32/32
 53755 | Snake:4  | Reached skill level 10 in Spellcasting
 54170 | Snake:4  | Identified the +0 pair of boots of Tulips {*Slow rF- rC+++
                  | Slay+2}
 54184 | Snake:4  | Got a serpentine rune of Zot
 54551 | Shoals:4 | Entered Level 4 of the Shoals
 54940 | Shoals:4 | Identified the ring of Doohodec {rN+ Will+ Slay+4}
 55014 | Shoals:4 | Found Ydetzeof's Antique Weapon Emporium.
 55208 | Shoals:4 | Got a barnacled rune of Zot
 55232 | Shoals:4 | Noticed Roxanne
 55525 | Shoals:4 | Noticed Kirke
 55530 | Shoals:4 | Killed Kirke
 56285 | Shoals:4 | Identified the ring of Imnilaf {rElec EV+4 Int+3}
 56714 | Elf:1    | Entered Level 1 of the Elven Halls
 57100 | Elf:1    | Reached skill level 5 in Dodging
 57492 | Elf:1    | Got the Papyrus of Battle Magic
 57554 | Elf:1    | Acquired 419 gold pieces
 57597 | Elf:1    | Found Ydwymmi's Gadget Gallery.
 57865 | Elf:2    | Found Rapyssofao's Armour Emporium.
 57873 | Elf:2    | Bought a +2 robe of the Archmagi for 603 gold pieces
 57996 | Elf:2    | Found Qoanaw's General Store.
 58004 | Elf:2    | Bought a potion of haste for 180 gold pieces
 58031 | Elf:2    | Reached XP level 20. HP: 185/186 MP: 24/35
 58163 | Elf:2    | Found Plog's Armour Boutique.
 58171 | Elf:2    | Bought a +2 helmet of see invisible for 301 gold pieces
 58264 | Elf:2    | Found a runed translucent gate.
 58264 | Elf:2    | Found a runed translucent gate.
 58264 | Elf:2    | Found a runed translucent gate.
 58647 | Elf:3    | Entered Level 3 of the Elven Halls
 58651 | Elf:3    | Found a runed translucent gate.
 58651 | Elf:3    | Found a runed translucent gate.
 58652 | Elf:3    | Found a runed translucent gate.
 58654 | Elf:3    | Noticed Pooter's ghost (adept MiBe)
 58912 | Elf:3    | Found an ancient bone altar of Kikubaaqudgha.
 58978 | Elf:3    | Acquired a book of Alchemy
 58986 | Elf:3    | Learned a level 5 spell: Irradiate
 59660 | Elf:3    | Identified the amulet of Jibet {Spirit +Blink rN++ Int+5}
 59727 | Elf:3    | Identified the +3 glaive "Fisuxics" {speed, Will+ Int+3
                  | Dex+3}
 59730 | Elf:3    | Identified the +6 quarterstaff "Nostread" {spect, Int+6}
 59819 | Elf:3    | Identified the +0 chain mail "Akuph" {rC+ Int+2}
 60222 | Elf:3    | Got the Catalogue of Venomous Fire
 60249 | Elf:3    | Got Kikubaaqudgha's Volume of Evil Arts
 60253 | Elf:3    | Got Iczaa's Grimoire of Supportive Sinister Arts
 60276 | Elf:3    | Identified the ring "Negru" {rC++ Str-3 Dex+6}
 60279 | Elf:3    | Identified the +1 robe of Unreason {Dex+5}
 60294 | Elf:3    | Identified the ring of Kagguqis {Fire MP+9 Int+3}
 60295 | Elf:3    | Identified the ring of Tasiri {MP+9 EV+4}
 60428 | Elf:2    | Killed Pooter's ghost
 60652 | Elf:3    | Identified the +2 cloak "Mamunaojot" {Int+3}
 60863 | Vaults:1 | Entered Level 1 of the Vaults
 60913 | Vaults:1 | Found Ylez's Armour Shop.
 60986 | Vaults:1 | Found a magical portal.
 61001 | WizLab   | Entered Iskenderun's Mystic Tower
 61245 | WizLab   | Reached XP level 21. HP: 163/200 MP: 31/36
 61572 | WizLab   | Reached skill level 15 in Fighting
 62318 | WizLab   | Got Iskenderun's Incunabulum of Battle Magic
 65469 | Vaults:2 | Reached XP level 22. HP: 219/219 MP: 38/38
 65743 | Vaults:2 | Noticed Asterion
 65758 | Vaults:2 | Killed Asterion
 66647 | Vaults:3 | Found a staircase to the Crypt.
 66886 | Vaults:3 | Reached skill level 10 in Staves
 67547 | Vaults:3 | Identified the +3 leather armour of the Lute {Drain rElec
                  | Stlth+}
 68549 | Vaults:4 | Noticed Margery
 68767 | Vaults:4 | Killed Margery
 69290 | Vaults:4 | Reached skill level 5 in Stealth
 69910 | Vaults:4 | Identified the ring "Louly" {Contam MP+9 Str+5 Dex+4 SInv}
 70214 | Depths:1 | Entered Level 1 of the Depths
 70345 | Depths:1 | Reached XP level 23. HP: 235/235 MP: 25/41
 70763 | Depths:1 | Reached skill level 1 in Evocations
 71303 | Depths:1 | Found a gateway to Hell.
 71464 | Depths:1 | Found a faded altar of an unknown god.
 71523 | Depths:1 | Found a radiant altar of Vehumet.
 71733 | Depths:2 | Reached skill level 10 in Stealth
 72063 | Depths:2 | Reached skill level 5 in Evocations
 72430 | Depths:2 | Found a runed translucent door.
 72662 | Depths:2 | Found a one-way gate leading to the halls of Pandemonium.
 73064 | Depths:3 | Found an ornate altar of the Wu Jian Council.
 73073 | Depths:3 | Reached skill level 1 in Earth Magic
 73369 | Depths:3 | Found a one-way gate to the infinite horrors of the Abyss.
 73413 | Depths:3 | Found a gateway to a ziggurat.
 73461 | Depths:3 | Noticed Mara
 73470 | Depths:3 | Killed Mara
 73536 | Zig:1    | Entered Level 1 of a ziggurat
 73612 | Zig:2    | Entered Level 2 of a ziggurat
 73649 | Zig:3    | Entered Level 3 of a ziggurat
 73651 | Zig:3    | Reached skill level 1 in Necromancy
 73651 | Zig:3    | Reached skill level 1 in Transmutations
 73714 | Zig:4    | Entered Level 4 of a ziggurat
 73716 | Zig:4    | Reached skill level 10 in Dodging
 73774 | Zig:4    | Reached XP level 24. HP: 244/244 MP: 41/41
 73780 | Zig:5    | Entered Level 5 of a ziggurat
 73909 | Zig:5    | Identified the +2 robe "Ragutu" {rC+ rCorr Stlth-}
 73934 | Zig:6    | Entered Level 6 of a ziggurat
 73935 | Zig:6    | Noticed Jonesk the pandemonium lord
 73938 | Zig:6    | Killed Jonesk the pandemonium lord
 74086 | Zig:6    | Identified the ring "Qorioc" {rN+ Str+6}
 74138 | Zig:7    | Entered Level 7 of a ziggurat
 74144 | Zig:7    | Noticed a royal mummy
 74146 | Zig:7    | Reached XP level 25. HP: 215/252 MP: 35/41
 74148 | Zig:7    | Killed a royal mummy
 74299 | Zig:7    | Identified the +8 battleaxe of the Pariah {vorpal, *Rage
                  | rPois Will+}
 74303 | Zig:7    | Identified the +5 glaive of Tiyx {pain, rCorr Dex+6}
 74318 | Zig:7    | Identified the +11 giant club of Turmoil {flame, Stlth+}
 74347 | Zig:8    | Entered Level 8 of a ziggurat
 74353 | Zig:8    | Noticed a Killer Klown
 74354 | Zig:8    | Noticed a Killer Klown
 74354 | Zig:8    | Noticed a Killer Klown
 74357 | Zig:8    | Killed a Killer Klown
 74358 | Zig:8    | Reached skill level 5 in Necromancy
 74358 | Zig:8    | Reached skill level 5 in Transmutations
 74358 | Zig:8    | Killed a Killer Klown
 74364 | Zig:8    | Killed a Killer Klown
 74453 | Zig:9    | Entered Level 9 of a ziggurat
 74661 | Zig:9    | Learned a level 8 spell: Necromutation
 74662 | Zig:10   | Entered Level 10 of a ziggurat
 74842 | Zig:10   | Identified the ring "Dimeh" {Fire *Slow Fly rElec rN+++}
 74845 | Zig:10   | Identified the +2 plate armour "Qammim" {Stlth+}
 74855 | Zig:11   | Entered Level 11 of a ziggurat
 74859 | Zig:11   | Noticed Loilupt the pandemonium lord
 74863 | Zig:11   | Killed Loilupt the pandemonium lord
 75022 | Zig:11   | Identified the amulet of Baimygg {Faith rElec MP+9 Int-4
                  | Dex+3}
 75025 | Zig:11   | Identified the amulet of the Chupacabra {Reflect rPois rF+
                  | rCorr SH+5}
 75031 | Zig:11   | Reached XP level 26. HP: 261/261 MP: 41/41
 75072 | Zig:12   | Entered Level 12 of a ziggurat
 75182 | Zig:12   | Identified the +3 hunting sling "Ynah" {vorpal, Fragile
                  | rPois Str+4 Stlth+}
 75186 | Zig:12   | Identified the ring "Akleozaniu" {rN+ Int+3}
 75191 | Zig:12   | Identified the +6 short sword of Conformity {vorpal, Dex+3}
 75197 | Zig:12   | Got the Disquisition on Displaced Contamination
 75212 | Zig:12   | Acquired the +6 lightning scales {swift, rElec}
 75212 | Zig:12   | Found the +6 lightning scales {swift, rElec}
 75270 | Zig:13   | Entered Level 13 of a ziggurat
 75373 | Zig:13   | Identified the +10 hand axe of Equivalence {vorpal, *Rage
                  | rElec SInv Stlth+}
 75387 | Zig:13   | Got the Catalogue of Gliding Companions
 75402 | Zig:13   | Identified the +6 shortbow "Kat Tita" {freeze, Str+6 Dex+2}
 75408 | Zig:13   | Reached skill level 10 in Necromancy
 75408 | Zig:13   | Reached skill level 10 in Transmutations
 75408 | Zig:13   | Reached XP level 27. HP: 268/268 MP: 41/41
 75454 | Zig:14   | Entered Level 14 of a ziggurat
 75469 | Zig:14   | Noticed Igah Syt the pandemonium lord
 75473 | Zig:14   | Killed Igah Syt the pandemonium lord
 75491 | Zig:14   | Gained mutation: You tend to lose your temper in combat.
                  | [mutagenic glow]
 75691 | Zig:14   | Found the +8 arc blade {discharge, rElec}
 75731 | Zig:14   | Identified the +0 pair of boots "Cach" {Contam Dex+7 Slay+3
                  | Stlth+}
 75736 | Zig:15   | Entered Level 15 of a ziggurat
 75750 | Zig:15   | Noticed a royal mummy
 75751 | Zig:15   | Noticed a royal mummy
 75753 | Zig:15   | Killed a royal mummy
 75755 | Zig:15   | Noticed a royal mummy
 75755 | Zig:15   | Noticed a royal mummy
 75756 | Zig:15   | Killed a royal mummy
 75757 | Zig:15   | Noticed a royal mummy
 75758 | Zig:15   | Killed a royal mummy
 75758 | Zig:15   | Killed a royal mummy
 75759 | Zig:15   | Noticed a royal mummy
 75760 | Zig:15   | Killed a royal mummy
 75760 | Zig:15   | HP: 10/245 [torment (7)]
 75763 | Zig:15   | Killed a royal mummy
 75763 | Zig:15   | Killed by a royal mummy's death curse

Illustrated notes

Levels and vault maps discovered:
D:1:      dpeg_arrival_long_road, layout_basic
D:2:      layout_rooms, ebering_ecumenical_altar_sacrificial, uniq_robin,
          uniq_terence
D:3:      layout_loops_ring, grunt_temple_overflow_diamond, serial_forest,
          infiniplex_forest_lined_room_2, infiniplex_forest_lined_room_,
          infiniplex_forest_side_room, infiniplex_forest_end_1,
          infiniplex_forest_straight_2, infiniplex_forest_corner_1,
          corexii_item_surrounded_by_moat, chequers_serial_rivers_large_b,
          kennysheep_minor_cross, grunt_decor_mini_mirrors
D:4:      layout_basic
D:5:      layout_cave_pods, minmay_temple_entry_junction, serial_shops,
          nicolae_shop_trees, roderic_roman_lattice, minmay_misc_feat_alley,
          nicolae_shop_firing_range
D:6:      layout_loops_ring, kennysheep_big_empty_room, uniq_eustachio
D:7:      layout_gridville, grunt_temple_overflow_holy_war,
          nemelex_xobeh_ov_fountains_minmay, evilmike_ruin_ashenzari,
          serial_co_window_serial, co_window_of_opportunity_a,
          co_window_of_opportunity_a, co_window_of_opportunity_a,
          co_window_corner_a, co_window_corner_a, co_window_of_opportunity_b,
          co_window_broadway_b, co_window_2corner, co_window_paths_c,
          co_window_2corner, co_window_2corner, glass_columns_a,
          glass_columns_c, glass_columns_b, glass_columns_b, nrook_loot_triangle
D:8:      layout_loops_ring, minmay_misc_feat_roman, minmay_between
D:9:      layout_grid_maze, gammafunk_ghost_split,
          hangedman_abyss_or_decor_passed, kennysheep_potato
D:10:     layout_cave_pods, lemuel_tele_altar
D:11:     layout_irregular_city, dpeg_lair_monsters
D:12:     layout_grid_maze, orc_0_dummy, uniq_josephine
D:13:     layout_small_grid, serial_shops,
          nicolae_shop_competitors_out_of_business, special_room
          [special_room_orc], minmay_fractal_squares_gapless_7, uniq_urug
D:14:     minmay_skewed_foursquare, layout_basic,
          hangedman_vaults_entry_quadrant_bands, kennysheep_two_boxes,
          uniq_jorgrun, uniq_rupert
D:15:     gammafunk_depths_entry_grave, layout_loops_corners,
          nicolae_qazlal_style_of_elements
Lair:1:   layout_small_grid, beast_lair_carwin_7
Lair:2:   layout_chaotic_city, dummy_snake_entry,
          chequers_serial_rivers_large_a, uniq_gastronok
Lair:3:   layout_roguey, minmay_shoals_entry_lonely_mermaid,
          ebering_ghost_disaster_area, chequers_serial_rivers_micro_d,
          hangedman_lair_generics_rect, grunt_megastairs_3,
          infiniplex_staircase_pool, lemuel_fruit_tree
Lair:4:   layout_hall_layers
Lair:5:   layout_regular_city, minmay_slime_entry_pillars, gammafunk_ghost_hive,
          small_statue_intersection, ice2_lemuel
Lair:6:   gammafunk_lair_ancient_temple, layout_regular_city,
          ebering_ghost_disaster_area, minmay_lair_oklob_bushes
Shoals:1: nicolae_shoals_mermall, layout_shoals
Shoals:2: layout_shoals, nicolae_shoals_stone_sculpture_thing,
          minmay_shop_mayhem, nicolae_shoals_siren_and_animal_friends
Shoals:3: layout_shoals, uniq_ilsuiw, uniq_mlioglotl, uniq_polyphemus
Shoals:4: shoals_end_grunt_ice, layout_shoals, serial_shops,
          nicolae_shop_waterfront, nicolae_shoals_goliath_grotto, uniq_kirke,
          uniq_roxanne
Snake:1:  layout_misc_corridors, basic_altar, st_stairs_9, minmay_shop_star
Snake:2:  nicolae_sea_snake_s, layout_grid_shapes
Snake:3:  layout_chambers, grunt_megastairs_4, serial_bayou_shore_a, uniq_agnes
Snake:4:  snake_pit_salamanders_mu, layout_cave_town, drop_trap
Orc:1:    layout_caves, basic_altar, uniq_snorg
Orc:2:    st_orc_rangers, layout_caves
Elf:1:    layout_loops_cross, minmay_elf_annihilation, nicolae_shop_gadgets
Elf:2:    elven_hall_of_blades_hangedman_original [nicolae_blade_tridents],
          layout_gridlike, serial_shops, shop, nicolae_shop_stone, shop,
          lemuel_flamethrower_1
Elf:3:    nooodl_elf_gasket, layout_loops_ring, basic_altar,
          gammafunk_ghost_tricky_traps, nicolae_elf_martial_mastery
Vaults:1: infiniplex_enter_wizlab_glasses, nicolae_vaults_know_your_exits,
          v_misc_14, dpeg_vaults_monster_box, v_misc_9,
          nicolae_vaults_rhombus_7, serial_ice_h, hangedman_vaults_cutoff,
          v_misc_23, nicolae_vaults_big_angled_halls, v_pattern_3,
          vaults_room_semicircle, nicolae_vaults_network_square,
          ontoclasm_vaults_shuriken, layout_vaults_omnibox
Vaults:2: nicolae_vaults_ring_of_whatevers, v_misc_23,
          vaults_mumra_minichess_inversion, nicolae_vaults_twisting_passages,
          v_misc_11, vaults_room_pool, v_misc_24,
          nicolae_vaults_border_crossing, v_misc_30, v_misc_27,
          vaults_room_large_hall, serial_ice_m, nicolae_vaults_specimen_jars,
          nicolae_vaults_ring_of_whatevers, layout_vaults_ring, uniq_asterion
Vaults:3: vaults_mumra_hexcomb, minmay_crypt_entry_nasty_monster,
          nicolae_vaults_c_with_doors, nicolae_vaults_hallways_thing,
          ontoclasm_vaults_chip, nicolae_vaults_network_periphery,
          vaults_room_corners, ontoclasm_vaults_ring_square, v_pattern_4,
          hangedman_vaults_river_flow, layout_vaults_maze
Vaults:4: ontoclasm_vaults_pinch, v_misc_5, nicolae_vaults_network_quinsquares
          [nicolae_vaults_network_quincunx_subvault,
          nicolae_vaults_network_quincunx_subvault,
          nicolae_vaults_network_quincunx_subvault,
          nicolae_vaults_network_quincunx_subvault],
          nicolae_vaults_windows_and_doors_thing,
          vaults_room_grunt_arrival_checkpoint, vaults_dpeg_encased_lava,
          ontoclasm_vaults_fault, nicolae_vaults_statue_guard,
          grunt_vaults_twisty, layout_vaults_omnigrid, uniq_margery
Depths:1: layout_cave_pools, grunt_mini_vestibule, serial_column_ruins,
          column_ruins_hut_water, column_ruins_temple_hall, column_ruins_grid_1,
          column_ruins_columns_straight, column_ruins_columns_straight,
          fiery_altar_vehumet, serial_sigils_hangedman_shear
Depths:2: kennysheep_big_flooded_room, layout_cave_shapes, hell_entry,
          rand_demon_pan_entry_9, serial_shops, nicolae_square_shop,
          minmay_hidden_floor, minmay_staircase_statues
Depths:3: evilmike_pillar_path, layout_honeycomb, enter_ziggurat_c, abyss_entry,
          nicolae_wu_jian_wuxing_cycle, pf_vacation_house_of_asmodeus,
          minmay_liquid_box, uniq_mara
Zig:15

Skill      XL: |  1  2  3  4  5  6  7  8  9 10 11 12 13 14 15 16 17 18 19 20 21 22 23 24 25 26 27 |
---------------+----------------------------------------------------------------------------------+-----
Conjurations   | 2 3 4 5 6 8 9 10 11 12 15 17 | 17.3
Spellcasting   | 3 4 5 6 7 9 11 12 14 | 14.0
Fire Magic     | 4 5 6 7 8 10 11 12 15 17 18 19 20 | 20.4
Fighting       | 1 2 5 7 10 12 14 17 19 20 | 20.0
Shields        | 1 2 3 8 9 |  9.0
Armour         | 5 7 9 |  9.5
Staves         | 5 6 8 11 12 | 12.0
Dodging        | 4 5 8 9 10 | 10.8
Ice Magic      | 3 |  3.5
Air Magic      | 3 |  3.4
Stealth        | 6 12 | 12.2
Evocations     | 6 |  6.5
Earth Magic    | 2 |  2.9
Necromancy     | 3 4 8 10 12 | 12.5
Transmutations | 3 4 8 10 12 | 12.5

Action                   |  1- 3 |  4- 6 |  7- 9 | 10-12 | 13-15 | 16-18 | 19-21 | 22-24 | 25-27 || total
-------------------------+-------+-------+-------+-------+-------+-------+-------+-------+-------++-------
Melee: Staff             |    12 |     2 |     8 |    64 |   308 |   593 |   629 |   697 |    77 ||  2390
       Constrict         |       |       |       |       |    64 |    93 |    97 |    80 |    12 ||   346
 Cast: Foxfire           |    50 |    59 |   105 |    48 |    20 |       |       |       |       ||   282
       Scorch            |     6 |    32 |    40 |    50 |    19 |     5 |       |       |       ||   152
       Flame Wave        |       |       |     8 |    39 |    79 |    35 |       |       |       ||   161
       Fireball          |       |       |       |    38 |   161 |   192 |    53 |    36 |       ||   480
       Orb of Destructio |       |       |       |       |    26 |    59 |    67 |    23 |     5 ||   180
       Starburst         |       |       |       |       |       |    61 |    16 |     4 |       ||    81
       Freezing Cloud    |       |       |       |       |       |    38 |    29 |     4 |     1 ||    72
       Ignition          |       |       |       |       |       |     5 |    73 |    57 |    45 ||   180
       Irradiate         |       |       |       |       |       |       |    31 |    45 |    12 ||    88
Invok: Potion Petition   |       |       |       |     2 |     1 |     5 |     5 |     1 |     4 ||    18
       Call Merchant     |       |       |       |       |     1 |       |       |       |       ||     1
 Abil: Spit Poison       |     4 |     8 |     6 |     7 |     4 |     1 |       |       |       ||    30
Evoke: Wand              |       |       |       |     1 |     2 |     3 |       |     1 |       ||     7
       Condenser vane    |       |       |       |       |       |       |       |     1 |       ||     1
  Use: Scroll            |     2 |     4 |     9 |    12 |    11 |     9 |     9 |       |     1 ||    57
       Potion            |       |       |       |     5 |     6 |     2 |     4 |     4 |     6 ||    27
 Stab: Distracted        |       |       |       |     1 |     1 |     6 |    12 |     5 |     1 ||    26
       Sleeping          |       |       |       |     1 |     1 |     2 |     2 |     7 |       ||    13
       Invisible         |       |       |       |       |       |       |     2 |       |       ||     2
       Confused          |       |       |       |       |       |       |       |    11 |       ||    11
Armor: Robe              |    11 |     6 |    29 |   146 |   407 |   431 |   274 |   234 |    43 ||  1581
Dodge: Dodged            |    33 |    16 |    21 |    82 |   283 |   313 |   252 |   264 |    39 ||  1303
Block: Buckler           |       |       |     4 |    40 |   116 |   114 |       |       |       ||   274
       Kite shield       |       |       |       |       |       |   159 |   371 |   344 |    53 ||   927

Table legend: (Time is in decaauts)
 A = Elapsed time spent in this place.
 B = Non-inter-level travel time spent in this place.
 C = Inter-level travel time spent in this place.
 D = Time resting spent in this place.
 E = Time spent auto-exploring this place.
 F = Levels seen in this place.
 G = Mean time per level.
                   A        B        C        D        E       F      G
               +--------+--------+--------+--------+--------+-----+--------+
         Total |  88736 |  83871 |   4865 |  10927 |  61105 |  57 | 1556.8 |
       Dungeon |  30061 |  28159 |   1902 |   2951 |  21971 |  15 | 2004.1 |
          Lair |  16583 |  15376 |   1207 |   3588 |  10056 |   6 | 2763.8 |
        Shoals |   8562 |   8034 |    528 |    783 |   6085 |   4 | 2140.5 |
     Snake Pit |   8347 |   7976 |    371 |    283 |   6380 |   4 | 2086.8 |
  Orcish Mines |   3980 |   3829 |    151 |   1836 |   1519 |   2 | 1990.0 |
   Elven Halls |   4745 |   4611 |    134 |    145 |   3565 |   3 | 1581.7 |
        Vaults |   8755 |   8290 |    465 |    387 |   6551 |   4 | 2188.8 |
        Depths |   3311 |   3206 |    105 |    154 |   2482 |   3 | 1103.7 |
      Ziggurat |   2357 |   2357 |      0 |      0 |   1673 |  15 |  157.1 |
        Wizlab |   2032 |   2032 |      0 |    799 |    818 |   1 | 2032.0 |
               +--------+--------+--------+--------+--------+-----+--------+

Top non-repeatable levels by time:
  Lair:5: 4024 daAuts
    D:13: 3409 daAuts
    D:15: 2943 daAuts
Shoals:2: 2884 daAuts
  Lair:1: 2851 daAuts
  Lair:6: 2752 daAuts
   Orc:1: 2709 daAuts
 Snake:3: 2552 daAuts
  Lair:3: 2470 daAuts
  Lair:4: 2459 daAuts
    D:12: 2432 daAuts
Vaults:4: 2416 daAuts
    D:14: 2347 daAuts
Shoals:4: 2304 daAuts
Vaults:2: 2255 daAuts
